 Dungeon Crawl Stone Soup version 0.29-a0-838-g385bb11a5b (webtiles) character file.

Game seed: 5131289823320855738

37 IdlyInterested the Slasher (level 3, -4/27 HPs)
             Began as a Demonspawn Gladiator on July 13, 2022.
             Slain by a gnoll
             ... wielding a +0 whip
              (5 damage)
             ... on level 2 of the Dungeon.
             The game lasted 00:01:58 (1163 turns).

IdlyInterested the Slasher (Demonspawn Gladiator)   Turns: 1163, Time: 00:01:59

Health: -4/27      AC:  4    Str: 14    XL:     3   Next: 21%
Magic:  3/3        EV: 12    Int:  9    God:
Gold:   31         SH:  0    Dex: 16    Spells: 2/2 levels left

rFire   . . .      SeeInvis .   a - +0 long sword
rCold   . . .      Faith    .   (no shield)
rNeg    . . .      Spirit   .   b - +0 leather armour
rPois   .          Reflect  .   c - +0 helmet
rElec   .          Harm     .   (no cloak)
rCorr   .          Rampage  .   (no gloves)
Will    .....                   (no boots)
Stlth   +.........              (no amulet)
HPRegen 0.09/turn               (no ring)
MPRegen 0.08/turn               (no ring)

@: no status effects
A: demonic touch 1
a: no special abilities


You were on level 2 of the Dungeon.
You visited 1 branch of the dungeon, and saw 2 of its levels.

You collected 31 gold pieces.

Inventory:

Hand Weapons
 a - a +0 long sword (weapon)
 g - a +1 dagger of draining
Missiles
 d - 3 throwing nets (quivered)
 e - a javelin
Armour
 b - a +0 leather armour (worn)
 c - a +0 helmet (worn)
Jewellery
 h - a ring of magical power
Scrolls
 f - 2 scrolls of teleportation {unknown}
 i - a scroll of immolation {unknown}
 j - a scroll of amnesia {unknown}
Potions
 k - a potion of curing {unknown}
 l - 2 potions of mutation {unknown}


   Skills:
 - Level 2.0 Fighting
 * Level 3.2 Long Blades
 - Level 2.0 Throwing
 * Level 3.1 Dodging
 * Level 1.0 Unarmed Combat


You had 2 spell levels left.
You didn't know any spells.
Your spell library contained the following spells:

 Spells                   Type           Power      Damage    Failure   Level
 Shock                    Conj/Air       0%         1d3       45%         1
 Swiftness                Air            0%         N/A       83%         3
 Airstrike                Air            0%         0-1+      99%         4


Dungeon Overview and Level Annotations

Branches:
Dungeon (2/15)

Altars:


Innate Abilities, Weirdness & Mutations

Your touch may inflict minor irresistible damage on your foes.


Message History

The gnoll hits you with a +0 spear.
You closely miss the gnoll.
The gnoll is heavily wounded.
The gnoll barely misses you. The gnoll hits you but does no damage.
You slash the gnoll!
You kill the gnoll!
You start resting.
HP restored.
Things that are here:
a +0 spear; a gnoll corpse
There is an open door here.
The gnoll shouts!
The gnoll closely misses you. The gnoll hits you with a +5 spear.
You slash the gnoll!
You touch the gnoll.
You kill the gnoll!
Your Unarmed Combat skill increases to level 1!
You have reached level 3!
Your experience leads to an increase in your attributes!
Increase (S)trength, (I)ntelligence, or (D)exterity?
You feel agile. x2
You start resting.
A gnoll comes into view. It is wielding a +0 whip.
The gnoll shouts!
You hit the gnoll but do no damage.
A gnoll comes into view. It is wielding a +0 whip.
The gnoll hits you with a +0 whip.
You barely miss the gnoll.
The gnoll shouts!
Your touch misses the gnoll. The gnoll closely misses you.
The gnoll hits you with a +0 whip.
You hit the gnoll. Your touch misses the gnoll.
The gnoll is lightly wounded.
The gnoll hits you with a +0 whip. The gnoll closely misses you.
You closely miss the gnoll.
You touch the gnoll.
The gnoll is severely wounded.
The gnoll hits you with a +0 whip!
* * * LOW HITPOINT WARNING * * *
The gnoll hits you with a +0 whip.
You die...

.......(..#
#...........#
............#
###..........#
........(....+
.........>...###
#...........'.#
##....)...g..#.#
.........@g..#.#
##.#########.#.#
..#)# ..#.#
....#.# .....#.#
.###.. . #.#
...... .# #.#
...####. #.#


You could see 2 gnolls.

Vanquished Creatures
  2 gnolls (D:2)
  3 ball pythons (D:1)
  2 bats (D:1)
  An endoplasm (D:1)
  2 giant cockroaches (D:1)
  2 goblins (D:1)
  A hobgoblin (D:1)
  2 kobolds (D:1)
  3 rats (D:1)
18 creatures vanquished.

Notes
Turn   | Place    | Note
-------+----------+-------------------------------------------
     0 | D:1      | IdlyInterested the Demonspawn Gladiator began the quest for
                  | the Orb.
     0 | D:1      | Reached XP level 1. HP: 16/16 MP: 1/1
    11 | D:1      | Found a faded altar of an unknown god.
   309 | D:1      | Gained mutation: Your touch may inflict minor irresistible
                  | damage on your foes. [demonic ancestry]
   309 | D:1      | Reached XP level 2. HP: 22/22 MP: 2/2
   392 | D:1      | You fall into a shaft and drop 1 floor!
  1145 | D:2      | Reached skill level 1 in Unarmed Combat
  1145 | D:2      | Reached XP level 3. HP: 21/27 MP: 3/3
  1163 | D:2      | HP: 1/27 [gnoll/+0 whip (8)]
  1163 | D:2      | Slain by a gnoll

Illustrated notes

Levels and vault maps discovered:
D:1:      tarquinn_simple_flora_water_b, layout_loops_ring,
          basic_ecumenical_altar
D:2:      layout_basic, serial_shops, shop

Skill      XL: |  1  2 |
---------------+-------+-----
Dodging        | 3 |  3.1
Long Blades    | 3 |  3.2
Throwing       | 2 |  2.0
Unarmed Combat | 1 |  1.0
Fighting       | |  2.0

Action                   || total
-------------------------++-------
Melee: Long sword        ||    52
       Touch             ||     5
Armor: Leather armour    ||    15
Dodge: Dodged            ||    40

Table legend: (Time is in decaauts)
 A = Elapsed time spent in this place.
 B = Non-inter-level travel time spent in this place.
 C = Inter-level travel time spent in this place.
 D = Time resting spent in this place.
 E = Time spent auto-exploring this place.
 F = Levels seen in this place.
 G = Mean time per level.
                   A        B        C        D        E       F      G
               +--------+--------+--------+--------+--------+-----+--------+
         Total |   1175 |   1162 |     13 |    250 |    720 |   2 |  587.5 |
       Dungeon |   1175 |   1162 |     13 |    250 |    720 |   2 |  587.5 |
               +--------+--------+--------+--------+--------+-----+--------+

Top non-repeatable levels by time:
     D:1: 934 daAuts
     D:2: 241 daAuts
